 Dungeon Crawl Stone Soup version 0.29-a0-559-g359e09b9d1 (webtiles) character file.

Game seed: 14160565337925371767

55 Bruhh the Ogre Mage (level 3, 0/31 HPs)
             Began as an Ogre Earth Elementalist on June 10, 2022.
             Killed from afar by Sigmund (11 damage)
             ... with a puff of flame
             ... on level 2 of the Dungeon.
             The game lasted 00:02:00 (1544 turns).

Bruhh the Ogre Mage (Ogre Earth Elementalist)       Turns: 1544, Time: 00:02:00

Health: 0/31       AC:  3    Str: 12    XL:     3   Next: 93%
Magic:  5/8        EV:  9    Int: 18    God:
Gold:   77         SH:  0    Dex:  9    Spells: 8/9 levels left

rFire   . . .      SeeInvis .   h - staff of conjuration
rCold   . . .      Faith    .   (no shield)
rNeg    . . .      Spirit   .   b - +0 robe
rPois   .          Reflect  .   (helmet restricted)
rElec   .          Harm     .   (no cloak)
rCorr   .          Rampage  .   (gloves unavailable)
Will    .....                   (boots unavailable)
Stlth   +.........              (no amulet)
HPRegen 0.10/turn               (no ring)
MPRegen 0.11/turn               (no ring)

@: flying
A: large, unfitting armour, tough skin 1
a: no special abilities


You were on level 2 of the Dungeon.
You visited 1 branch of the dungeon, and saw 2 of its levels.

You collected 77 gold pieces.

Inventory:

Hand Weapons
 e - a +0 falchion
Missiles
 a - 23 stones
Armour
 b - a +0 robe (worn)
Magical Staves
 h - a staff of conjuration (weapon)
Jewellery
 f - a ring of resist corrosion
Scrolls
 d - 2 scrolls of amnesia {unknown}
 i - a scroll of fog {unknown}
 j - a scroll of magic mapping {unknown}
 k - a scroll of poison {unknown}
 n - a scroll of vulnerability {unknown}
Potions
 c - 2 potions of magic
 m - a potion of haste


   Skills:
 - Level 1.7 Dodging
 - Level 1.4 Stealth
 + Level 3.6 Spellcasting
 - Level 0.8 Transmutations
 + Level 3.5 Earth Magic


You had 8 spell levels left.
You knew the following spells:

 Your Spells              Type           Power      Damage    Failure   Level
a - Sandblast             Erth           32%        2d9       3%          1

Your spell library contained the following spells:

 Spells                   Type           Power      Damage    Failure   Level
 Passwall                 Tmut/Erth      9%         N/A       10%         2
 Poisonous Vapours        Pois/Air       6%         N/A       22%         2
 Stone Arrow              Conj/Erth      28%        3d8       22%         3
 Gell's Gravitas          Tloc           3%         N/A       41%         3
 Lesser Beckoning         Tloc           3%         N/A       41%         3
 Teleport Other           Tloc           3%         N/A       41%         3
 Petrify                  Tmut/Erth      11%        N/A       52%         4
 Corpse Rot               Necr/Pois/Air  3%         N/A       83%         4


Dungeon Overview and Level Annotations

Branches:
Dungeon (2/15)

Altars:

Shops:
D:1 *   D:2 (

Annotations:
D:2 1 runed translucent door, Crazy Yiuf, Sigmund


Innate Abilities, Weirdness & Mutations

You are too large for most types of armour.
You have tough skin. (AC +1)


Message History

Sigmund looks at you with fury. Sigmund looks at you with fury.
Sigmund points at you and mumbles some strange words.
The puff of flame hits you. Sigmund casts a spell at you.
The puff of flame hits you!
It was a potion of curing.
You feel better.
Casting: Sandblast (safe; 3% risk of failure)
Confirm with . or Enter, or press ? or * to list all spells.
Aiming: Sandblast (safe; 3% risk of failure)
Press: ? - help, Shift-Dir - straight line, f - Sigmund
Aim: Sigmund, wielding a +0 scythe and wearing a +0 robe (fast, 77% to hit)
The blast of sand misses Sigmund.
Sigmund hits you from afar with a +0 scythe!
Casting: Sandblast (safe; 3% risk of failure)
Confirm with . or Enter, or press ? or * to list all spells.
Aiming: Sandblast (safe; 3% risk of failure)
Press: ? - help, Shift-Dir - straight line, f/p - Sigmund
Aim: Sigmund, wielding a +0 scythe and wearing a +0 robe (fast, 77% to hit)
The blast of sand misses Sigmund.
Sigmund barely misses you.
Unknown command.
Casting: Sandblast (safe; 3% risk of failure)
Confirm with . or Enter, or press ? or * to list all spells.
Aiming: Sandblast (safe; 3% risk of failure)
Press: ? - help, Shift-Dir - straight line, f/p - Sigmund
Aim: Sigmund, wielding a +0 scythe and wearing a +0 robe (fast, 77% to hit)
The blast of sand hits Sigmund!
Sigmund is heavily wounded.
Sigmund hits you from afar with a +0 scythe!
Unknown command.
Okay, then.
It was a potion of flight.
You feel very buoyant.
You fly up into the air.
Sigmund laughs darkly.
Sigmund casts a spell at you. You resist with some effort.
Sigmund gestures at you while chanting. The puff of flame hits you!
You die...

...#
##...##......####.+.
####
###########.##.....##
###.
#........##÷##..####
#........##.###.#
#........##..##.#
#........###.##.#####
#........###.##.#...#
#...............#...#
#.......@.@...÷.#...#
##+#'##.........#...#
#.##.............#
...#.............#
##..#.............#
...#........>....#
...#........###.##
..)########## #.#
....# #.#


You could see Sigmund (fast).

Vanquished Creatures
  Natasha (D:2)
  2 dart slugs
  A bat (D:1)
  A giant cockroach (D:2)
  3 goblins (D:1)
  2 hobgoblins
  4 jackals (D:1)
  A quokka (D:2)
  2 ball pythons
  A frilled lizard (D:1)
  5 kobolds (D:1)
  3 rats
26 creatures vanquished.

Notes
Turn   | Place    | Note
-------+----------+-------------------------------------------
     0 | D:1      | Bruhh the Ogre Earth Elementalist began the quest for the
                  | Orb.
     0 | D:1      | Reached XP level 1. HP: 16/16 MP: 3/3
   138 | D:1      | Reached XP level 2. HP: 24/24 MP: 2/5
   222 | D:1      | Found Riuloamo's General Store.
   943 | D:2      | Noticed Natasha
   950 | D:2      | Killed Natasha
   951 | D:2      | Reached XP level 3. HP: 21/31 MP: 1/8
  1261 | D:2      | Found Maus's Weapon Boutique.
  1505 | D:2      | Found a runed translucent door.
  1506 | D:2      | Noticed Crazy Yiuf
  1532 | D:2      | Noticed Sigmund
  1544 | D:2      | Killed from afar by Sigmund

Illustrated notes

Levels and vault maps discovered:
D:1:      nzn_arrival_crosshair, layout_basic, serial_shops,
          nicolae_diamond_shop
D:2:      layout_basic, serial_shops, nicolae_shop_bloodbath_and_beyond,
          uniq_sigmund, uniq_crazy_yiuf_cottage, uniq_natasha

Skill      XL: |  1  2 |
---------------+-------+-----
Earth Magic    | 3 |  3.5
Spellcasting   | 3 |  3.6
Dodging        | |  1.7
Stealth        | |  1.4
Transmutations | |  0.8

Action                   || total
-------------------------++-------
Melee: Falchion          ||     4
       Staff             ||    61
       Punch             ||     1
 Cast: Sandblast         ||    37
  Use: Potion            ||     2
Armor: Robe              ||    30
Dodge: Dodged            ||    44

Table legend: (Time is in decaauts)
 A = Elapsed time spent in this place.
 B = Non-inter-level travel time spent in this place.
 C = Inter-level travel time spent in this place.
 D = Time resting spent in this place.
 E = Time spent auto-exploring this place.
 F = Levels seen in this place.
 G = Mean time per level.
                   A        B        C        D        E       F      G
               +--------+--------+--------+--------+--------+-----+--------+
         Total |   1568 |   1543 |     25 |      0 |   1277 |   2 |  784.0 |
       Dungeon |   1568 |   1543 |     25 |      0 |   1277 |   2 |  784.0 |
               +--------+--------+--------+--------+--------+-----+--------+

Top non-repeatable levels by time:
     D:1: 933 daAuts
     D:2: 634 daAuts
